 Dungeon Crawl Stone Soup version 0.30-a0-591-g3c58d2bc28 (webtiles) character file.

Game seed: 2698081784583705378

452 Citaku the Covered (level 6, 0/56 HPs)
             Began as a Minotaur Fighter on Jan 5, 2023.
             Slain by a quasit (1 damage)
             ... on level 3 of the Dungeon.
             The game lasted 00:04:29 (2305 turns).

Citaku the Covered (Minotaur Fighter)               Turns: 2305, Time: 00:04:30

Health: 0/56       AC:  7    Str: 20      XL:     6   Next: 75%
Magic:  5/5        EV:  9    Int:  5      God:
Gold:   269        SH:  4    Dex:  6 (12) Spells: 5/5 levels left

rFire   . . .      SeeInvis .    a - +0 war axe
rCold   + . .      Faith    .    c - +0 buckler
rNeg    . . .      Spirit   .    b - +0 scale mail
rPois   .          Reflect  .    (helmet restricted)
rElec   .          Harm     .    (no cloak)
rCorr   .          Rampage  .    (no gloves)
Will    +....                    (no boots) Stlth
                                 (no amulet)
HPRegen 0.29/turn                k - ring of protection from cold
MPRegen 0.09/turn                g - ring of willpower

@: no status effects
A: horns 2, retaliatory headbutt
a: no special abilities


You were on level 3 of the Dungeon.
You visited 1 branch of the dungeon, and saw 3 of its levels.

You collected 269 gold pieces.

Inventory:

Hand Weapons
 a - a +0 war axe (weapon)
Missiles
 d - 2 throwing nets (quivered)
Armour
 b - a +0 scale mail (worn)
 c - a +0 buckler (worn)
Jewellery
 g - a ring of willpower (right hand)
 i - an amulet of faith
 k - a ring of protection from cold (left hand)
Scrolls
 f - a scroll of fear {unknown}
 h - 3 scrolls of identify {unknown}
 j - 2 scrolls of enchant weapon {unknown}
 l - 3 scrolls of teleportation {unknown}
 n - a scroll of fog {unknown}
Potions
 e - 2 potions of degeneration {unknown}
 m - a potion of brilliance {unknown}
 o - a potion of attraction {unknown}
 p - a potion of ambrosia {unknown}


   Skills:
 + Level 5.0 Fighting
 * Level 5.4 Axes
 * Level 6.1 Armour
 + Level 5.0 Shields


You had 5 spell levels left.
You didn't know any spells.
Your spell library contained the following spells:

 Spells                   Type           Power      Damage    Failure   Level
 Ozocubu's Armour         Ice            0%         N/A       99%         3
 Ozocubu's Refrigeration  Ice            0%         4d7       100%        7


Dungeon Overview and Level Annotations

Branches:
Dungeon (3/15)

Altars:

Annotations:
D:3 1 transporter, lagdotcom's ghost, amateur AtFi


Innate Abilities, Weirdness & Mutations

You have a pair of horns on your head.
You reflexively headbutt those who attack you in melee.


Message History

The quasit claws you but does no damage.
The quasit bites you but does no damage.
The quasit closely misses you. The quasit claws you.
* * * LOW HITPOINT WARNING * * *
You feel clumsy.
You closely miss lagdotcom's ghost.
You headbutt lagdotcom's ghost, but do no damage.
Lagdotcom's ghost is heavily damaged.
You barely miss the quasit. You hit the quasit. You miss the quasit.
The quasit closely misses you. The quasit barely misses you.
The quasit claws you.
* * * LOW HITPOINT WARNING * * *
You feel clumsy. The quasit closely misses you.
The quasit claws you but does no damage. x2
The quasit bites you but does no damage.
The quasit claws you but does no damage. x2
Lagdotcom's ghost hits you.
* * * LOW HITPOINT WARNING * * *
The quasit bites you but does no damage.
The quasit closely misses you.
The quasit claws you but does no damage.
The quasit closely misses you. You furiously retaliate!
You headbutt the quasit!
The quasit claws you but does no damage.
You block the quasit's attack. The quasit closely misses you.
The quasit claws you but does no damage. x2
Lagdotcom's ghost hits you.
* * * LOW HITPOINT WARNING * * *
You closely miss lagdotcom's ghost. You headbutt lagdotcom's ghost.
Lagdotcom's ghost is heavily damaged.
You closely miss the quasit. x2; You miss the quasit.
The quasit barely misses you. You furiously retaliate!
You headbutt the quasit.
The quasit claws you but does no damage.
The quasit closely misses you.
The quasit bites you but does no damage.
The quasit barely misses you.
The quasit claws you but does no damage.
The quasit bites you.
You die...

..##.))####...........#.# #.# #.
..####.# #..###.......#.# #.####.
..####)###.##.#####...#.# #......
.....)..#..#...©..##..#.# #..###.
..####..#.##..#....##.#.# #..# #.
..# #..'.#.#...#...#.#.# #..# #.
#.# #..#.# .#.##..##...###..# #.
#.# #..#.##.#.5.#.#©........# ##
#.####..#..#$#.W@..##.#####..#
....##....©#[=.5#5..#........#
#.#.##.##..#..#...#.#.#####..# #
#.#.##.##.##.....#.##.#####..# #
#.#.##.##.#..#.#5..#.........# #
#......##.#..#.#...#......#..####
....##.##.##.......#......#..#...
###.##.##..###...###......##.#.##
###.##.###...#####........#....#


You could see 3 quasits and lagdotcom's ghost.

Vanquished Creatures
  Grinder (D:3)
  A phantom (D:3)
  A quasit (D:3)
  Robin (D:3)
  4 gnolls (D:3)
  2 adders
  2 worms (D:3)
  2 dart slugs
  An orc (D:3)
  8 bats
  7 endoplasms
  5 giant cockroaches
  13 goblins
  8 hobgoblins
  5 jackals (D:1)
  2 quokkas
  7 ball pythons
  5 kobolds
  5 rats
80 creatures vanquished.

Notes
Turn   | Place    | Note
-------+----------+-------------------------------------------
     0 | D:1      | Citaku the Minotaur Fighter began the quest for the Orb.
     0 | D:1      | Reached XP level 1. HP: 19/19 MP: 0/0
   138 | D:1      | Reached XP level 2. HP: 27/27 MP: 1/1
   149 | D:1      | Reached skill level 4 in Armour
   659 | D:1      | Reached XP level 3. HP: 33/33 MP: 2/2
   862 | D:2      | Found a faded altar of an unknown god.
  1072 | D:2      | You fall into a shaft and drop 1 floor!
  1366 | D:3      | Reached XP level 4. HP: 40/40 MP: 3/3
  1511 | D:3      | Noticed Grinder
  1533 | D:3      | Killed Grinder
  1534 | D:3      | Reached skill level 5 in Armour
  1534 | D:3      | Reached XP level 5. HP: 31/47 MP: 4/4
  1534 | D:3      | Reached XP level 6. HP: 35/53 MP: 5/5
  1616 | D:3      | Noticed Robin
  1631 | D:3      | Found a transporter.
  1633 | D:3      | Killed Robin
  1685 | D:3      | Found a transporter.
  1699 | D:3      | Noticed lagdotcom's ghost (amateur AtFi)
  1750 | D:3      | Reached skill level 5 in Axes
  1772 | D:3      | Reached skill level 6 in Armour
  2301 | D:3      | Reached skill level 5 in Fighting
  2301 | D:3      | Reached skill level 5 in Shields
  2304 | D:3      | HP: 1/56 [lagdotcom's ghost (2)]
  2305 | D:3      | Slain by a quasit

Illustrated notes

Levels and vault maps discovered:
D:1:      amcnicky_arrival_underground_garden, layout_loops_ring
D:2:      layout_rooms, chequers_ecumenical_altar_simple_redux,
          kennysheep_small_spiral, minmay_misc_feat_square, minivault_19
D:3:      layout_basic, gammafunk_ghost_stat_death, uniq_robin, uniq_grinder

Skill      XL: |  1  2  3  4  5  6 |
---------------+-------------------+-----
Armour         | 4 5 6 |  6.1
Axes           | 3 4 5 |  5.4
Fighting       | 4 5 |  5.0
Shields        | 4 5 |  5.0

Action                   |  1- 3 |  4- 6 || total
-------------------------+-------+-------++-------
Melee: War axe           |    80 |    66 ||   146
       Headbutt          |     9 |    19 ||    28
  Use: Potion            |       |     1 ||     1
Armor: Scale mail        |    41 |    70 ||   111
Dodge: Dodged            |    57 |    57 ||   114
Block: Buckler           |    23 |    30 ||    53

Table legend: (Time is in decaauts)
 A = Elapsed time spent in this place.
 B = Non-inter-level travel time spent in this place.
 C = Inter-level travel time spent in this place.
 D = Time resting spent in this place.
 E = Time spent auto-exploring this place.
 F = Levels seen in this place.
 G = Mean time per level.
                   A        B        C        D        E       F      G
               +--------+--------+--------+--------+--------+-----+--------+
         Total |   2357 |   2357 |      0 |      0 |   1754 |   3 |  785.7 |
       Dungeon |   2357 |   2357 |      0 |      0 |   1754 |   3 |  785.7 |
               +--------+--------+--------+--------+--------+-----+--------+

Top non-repeatable levels by time:
     D:3: 1075 daAuts
     D:1: 848 daAuts
     D:2: 432 daAuts
